 Dungeon Crawl Stone Soup version 0.29.1-12-g30fa7ad0bf (webtiles) character file.

Game seed: 16699440666152556314

13624 booth the Grappler (level 11, -4/97 HPs)
             Began as a Troll Gladiator on Jan 5, 2023.
             Slain by Maggie
             ... wielding a +1 vorpal glaive
              (12 damage)
             ... on level 10 of the Dungeon on Jan 6, 2023.
             The game lasted 02:01:57 (12132 turns).

booth the Grappler (Troll Gladiator)               Turns: 12132, Time: 02:01:58

Health: -4/97      AC:  3    Str: 26    XL:     11   Next: 78%
Magic:  0/10       EV:  9    Int: 10    God:
Gold:   1033       SH: 15    Dex: 13    Spells: 10/10 levels left

rFire   . . .      SeeInvis .     - Unarmed
rCold   + . .      Faith    .   x - +2 tower shield
rNeg    . . .      Spirit   +   C - +1 robe of the Enchanted Forest {Contam rPois Will+++ Stlth+}
rPois   +          Reflect  .   b - +0 hat
rElec   .          Harm     .   d - +1 cloak
rCorr   .          Rampage  .   (gloves unavailable)
Will    +++..                   (boots unavailable)
Stlth   +++.......              n - amulet of guardian spirit
HPRegen 1.06/turn               q - +6 ring of intelligence
MPRegen 0.12/turn               D - ring of protection from cold

@: about to teleport, corroded
A: large, unfitting armour, claws 3, regeneration 1, shaggy fur 1, tough skin 1
a: no special abilities


You were on level 10 of the Dungeon.
You visited 3 branches of the dungeon, and saw 13 of its levels.

You collected 1079 gold pieces.
You spent 46 gold pieces at shops.

Inventory:

Hand Weapons
 K - a +1 flail of protection
Missiles
 c - 3 throwing nets (quivered)
 j - 33 poisoned darts
 p - 90 stones
 u - 3 javelins
 A - 7 boomerangs
 F - 5 curare-tipped darts
 H - 3 silver boomerangs
Armour
 b - a +0 hat (worn)
 d - a +1 cloak (worn)
 v - a +2 robe of willpower
 x - a +2 tower shield (worn)
 C - the +1 robe of the Enchanted Forest (worn) {Contam rPois Will+++ Stlth+}
   (You took it off an orc on level 6 of the Dungeon)

   rPois:     It protects you from poison.
   Contam:    It causes magical contamination when unequipped.
   Will:      It greatly increases your willpower.
   Stlth:     It makes you more stealthy.
Jewellery
 e - a ring of wizardry
 g - an amulet of faith
 n - an amulet of guardian spirit (around neck)
 q - a +6 ring of intelligence (left claw)
 D - a ring of protection from cold (right claw)
Wands
 l - a wand of charming (7)
 m - a wand of flame (12)
 z - a wand of polymorph (17)
Scrolls
 i - 2 scrolls of amnesia
 k - 3 scrolls of teleportation
 o - 5 scrolls of magic mapping
 w - a scroll of blinking
 E - 3 scrolls of fog
 J - a scroll of immolation
Potions
 a - a potion of cancellation
 f - 4 potions of curing
 h - 4 potions of mutation
 r - a potion of might
 s - 3 potions of attraction
 t - 2 potions of flight
 B - 2 potions of ambrosia
 I - a potion of brilliance


   Skills:
 + Level 3.3 Fighting
 + Level 0.2 Maces & Flails
 * Level 7.2 Throwing
 + Level 6.0 Dodging
 + Level 1.8 Stealth
 + Level 5.4 Shields
 * Level 14.5 Unarmed Combat


You had 10 spell levels left.
You didn't know any spells.
Your spell library contained the following spells:

 Spells                   Type           Power      Damage    Failure   Level
 Shock                    Conj/Air       0%         1d3       92%         1
 Sublimation of Blood     Necr           0%         N/A       98%         2
 Wereblood                Tmut           0%         N/A       98%         2
 Swiftness                Air            0%         N/A       100%        3
 Tukima's Dance           Hex            0%         N/A       100%        3
 Airstrike                Air            0%         2d(0-16)  100%        4
 Leda's Liquefaction      Hex/Erth       0%         N/A       100%        4
 Passage of Golubria      Tloc           0%         N/A       100%        4
 Summon Lightning Spire   Summ/Air       0%         N/A       100%        4
 Iskenderun's Battlesphe  Conj           0%         2d6       100%        5
 Lee's Rapid Deconstruct  Erth           0%         3d5*      100%        5
 Yara's Violent Unravell  Hex/Tmut       0%         3d3       100%        5
 Iron Shot                Conj/Erth      0%         9d1       100%        6
 Statue Form              Tmut/Erth      0%         N/A       100%        6
 Spellforged Servitor     Conj/Summ      0%         N/A       100%        7
 Storm Form               Tmut/Air       0%         N/A       100%        7
 Summon Hydra             Summ           0%         N/A       100%        7
 Maxwell's Capacitive Co  Air            0%         ∞         100%        8


Dungeon Overview and Level Annotations

Branches:
Dungeon (10/15)            Temple (1/1) D:6            Lair (0/5) D:9
    Orc (2/2) D:9             Elf (0/3) Orc:2

Altars:
Ashenzari
Cheibriados
Dithmenos
Elyvilon
Fedhas
Gozag
Hepliaklqana
Kikubaaqudgha
Makhleb
Nemelex Xobeh
Qazlal
Sif Muna
Trog
Uskayaw
Vehumet
Wu Jian
Xom
Yredelemnul
Zin
The Shining One

Shops:
D:3 *   D:4 [   D:10 [   Orc:1 (

Annotations:
D:3 3 runed translucent doors, Ghostmaker01's ghost, amateur DsBe; hawla's ghost, weakling MeIE; nachturnus's ghost, amateur HuGl
D:9 1 runed translucent door, 2 exclusions, 0gre's ghost, journeyman GnIE
D:10 Maggie


Innate Abilities, Weirdness & Mutations

You are too large for most types of armour.
You have claws for hands.
Your natural rate of healing is unusually fast.
You are covered in fur. (AC +1)
You have tough skin. (AC +1)


Message History

You kill the yak!
Maggie closely misses you.
Your Dodging skill increases to level 6!
You closely miss the acid dragon. You block the acid dragon's attack.
The acid dragon claws you but does no damage.
Maggie hits you with a +1 vorpal glaive!
You scratch the acid dragon.
The acid dragon is lightly wounded.
The acid dragon bites you but does no damage.
You block the acid dragon's attack. You block Maggie's attack.
You barely miss the acid dragon.
The acid dragon is lightly wounded.
You block the acid dragon's attack.
The acid dragon claws you but does no damage.
Maggie mumbles some strange words.
Maggie attempts to bespell you! You resist with almost no effort.
You closely miss the acid dragon.
The acid dragon is lightly wounded.
The acid dragon bites you. The acid dragon claws you.
Maggie hits you with a +1 vorpal glaive!
You closely miss the acid dragon.
The acid dragon is lightly wounded.
The acid dragon spits acid at you. The splash of acid hits you!
* * * LOW HITPOINT WARNING * * *
The acid corrodes you!
Maggie points at you and mumbles some strange words.
The bolt of fire hits you!!
* * * LOW HITPOINT WARNING * * *
Blink to where?
Press: ? - help, Dir - move target You can't see that place. [the floor.]
Okay, then.
As you read the scroll of teleportation, it crumbles to dust.
You feel strangely unstable. The acid dragon bites you.
* * * LOW HITPOINT WARNING * * *
The acid dragon claws you but does no damage.
Maggie hits you with a +1 vorpal glaive!
You die...

##...!# ##.....##
##.....[.#
#........#
####.DY.....###
#Y..Y#....Y...#
##.##
#Y#####.........D#
#.....#D#
###.........
#.....@@#
###..$...Y
#......## ######..
#...... ## #.....#
#..... #.....
#..... #####


You could see Maggie, 2 yaks and an acid dragon (catching breath).

Vanquished Creatures
  An orc warlord (Orc:2)
  Erica (D:8)
  A two-headed ogre (D:6)
  Sonja (Orc:1)
  2 orc knights
  An orc sorcerer (Orc:2)
  A manticore (D:8)
  2 trolls
  Prince Ribbit (D:6)
  Grinder (D:4)
  3 wyverns
  6 yaks
  A steam dragon (D:7)
  2 wargs
  A water moccasin (D:7)
  16 orc warriors
  2 ice beasts (D:6)
  3 black bears
  A sky beast (D:7)
  2 ogres
  7 centaurs
  2 phantoms
  3 bullfrogs
  2 kobold brigands
  Blork the orc (D:4)
  2 gnoll sergeants
  6 necrophages
  A scorpion (D:7)
  8 wights
  10 killer bees
  5 howler monkeys
  2 vampire bats (D:6)
  14 orc priests
  6 hounds
  A jelly (D:5)
  3 gnoll boudas
  Crazy Yiuf (D:2)
  2 iguanas
  Terence (D:2)
  15 orc wizards
  Ijyb (D:5)
  24 gnolls
  11 adders
  3 shadow imps
  A white imp (D:5)
  2 worms
  3 dart slugs
  67 orcs
  3 bat skeletons (D:6)
  3 bat zombies (D:6)
  13 endoplasms
  2 giant cockroaches
  6 goblins
  6 hobgoblins
  5 jackals
  2 quokkas
  5 ball pythons
  6 bats
  6 frilled lizards
  14 kobolds
  5 rats
329 creatures vanquished.

Vanquished Creatures (collateral kills)
  An ogre (D:6)
1 creature vanquished.

Vanquished Creatures (others)
  Eustachio (D:6)
  A yak (D:8)
  An orc (Orc:2)
  A fungus (D:1)
  3 withered plants (D:3)
7 creatures vanquished.

Grand Total: 337 creatures vanquished

Notes
Turn   | Place    | Note
-------+----------+-------------------------------------------
     0 | D:1      | booth the Troll Gladiator began the quest for the Orb.
     0 | D:1      | Reached XP level 1. HP: 19/19 MP: 0/0
   287 | D:1      | Reached XP level 2. HP: 27/27 MP: 1/1
   417 | D:1      | Found a faded altar of an unknown god.
   574 | D:1      | Reached XP level 3. HP: 35/35 MP: 2/2
   853 | D:2      | Noticed Terence
   867 | D:2      | Killed Terence
   868 | D:2      | Reached skill level 4 in Unarmed Combat
   926 | D:2      | Reached XP level 4. HP: 42/42 MP: 3/3
  1668 | D:2      | Found a runed translucent door.
  1669 | D:2      | Noticed Crazy Yiuf
  1677 | D:2      | Killed Crazy Yiuf
  1678 | D:2      | Reached XP level 5. HP: 36/49 MP: 1/4
  1947 | D:3      | You fall into a shaft and drop 2 floors!
  1947 | D:5      | Entered Level 5 of the Dungeon
  2294 | D:3      | Reached skill level 5 in Unarmed Combat
  2429 | D:3      | Found Bazer's General Store.
  2433 | D:3      | Bought a scroll of identify for 26 gold pieces
  2433 | D:3      | Bought 4 poisoned darts for 20 gold pieces
  2476 | D:3      | Found a white marble altar of Elyvilon.
  2786 | D:3      | Reached XP level 6. HP: 45/57 MP: 3/5
  2904 | D:3      | Found a runed translucent gate.
  2904 | D:3      | Found a runed translucent gate.
  2908 | D:3      | Found a runed translucent gate.
  2909 | D:3      | Noticed nachturnus's ghost (amateur HuGl)
  2909 | D:3      | Noticed Ghostmaker01's ghost (amateur DsBe)
  2909 | D:3      | Noticed hawla's ghost (weakling MeIE)
  3394 | D:4      | Reached skill level 6 in Unarmed Combat
  3421 | D:4      | Found Zuj Puudgh's Antique Armour Emporium.
  3554 | D:4      | Reached XP level 7. HP: 65/65 MP: 6/6
  3642 | D:4      | Noticed Blork the orc
  3654 | D:4      | Killed Blork the orc
  3655 | D:4      | Reached skill level 7 in Unarmed Combat
  3693 | D:4      | Noticed Grinder
  3710 | D:4      | Killed Grinder
  3824 | D:4      | Reached skill level 8 in Unarmed Combat
  3869 | D:4      | Reached XP level 8. HP: 72/72 MP: 7/7
  4383 | D:5      | Found an ornate altar of the Wu Jian Council.
  4627 | D:5      | Reached skill level 9 in Unarmed Combat
  4697 | D:5      | Noticed Ijyb
  4706 | D:5      | Killed Ijyb
  5304 | D:5      | Found a stormy altar of Qazlal.
  5555 | D:6      | Noticed Prince Ribbit
  5613 | D:6      | Noticed a two-headed ogre
  5688 | D:6      | Noticed Eustachio
  5736 | D:6      | Killed Prince Ribbit
  5787 | D:6      | Found a staircase to the Ecumenical Temple.
  5791 | D:6      | Killed Eustachio
  5810 | D:6      | Reached XP level 9. HP: 71/80 MP: 8/8
  5841 | D:6      | Reached skill level 1 in Stealth
  5841 | D:6      | Reached skill level 1 in Shields
  5875 | Temple   | Entered the Ecumenical Temple
  6067 | D:6      | Reached skill level 10 in Unarmed Combat
  6354 | D:6      | Reached skill level 5 in Throwing
  6597 | D:6      | Found an ancient bone altar of Kikubaaqudgha.
  6659 | D:6      | Identified the +1 robe of the Enchanted Forest {Contam
                  | rPois Will+++ Stlth+}
  6703 | D:6      | Reached skill level 11 in Unarmed Combat
  6773 | D:6      | Killed a two-headed ogre
  7102 | D:7      | Reached XP level 10. HP: 78/91 MP: 7/9
  7110 | D:7      | Found a bloodstained altar of Trog.
  7332 | D:7      | Found a blossoming altar of Fedhas.
  7376 | D:7      | Found a hazy altar of Hepliaklqana.
  7721 | D:7      | Reached skill level 12 in Unarmed Combat
  7864 | D:7      | Reached skill level 5 in Dodging
  8184 | D:8      | Found a snail-covered altar of Cheibriados.
  8250 | D:8      | Noticed Erica
  8313 | D:8      | Killed Erica
  8404 | D:8      | Noticed a manticore
  8423 | D:8      | Killed a manticore
  8557 | D:8      | Reached skill level 13 in Unarmed Combat
  8818 | D:8      | Found a shimmering blue altar of Sif Muna.
  8942 | D:9      | Found a runed translucent door.
  8942 | D:9      | Noticed 0gre's ghost (journeyman GnIE)
  9008 | D:9      | Found a staircase to the Orcish Mines.
  9045 | D:9      | Reached XP level 11. HP: 97/97 MP: 10/10
  9107 | D:9      | Found a broken altar of Ashenzari.
  9660 | D:9      | Found a staircase to the Lair.
  9764 | D:9      | Found a burning altar of Makhleb.
  9989 | Orc:1    | Entered Level 1 of the Orcish Mines
 10053 | Orc:1    | Found Plog's Antique Weapon Shoppe.
 10203 | Orc:1    | Noticed an orc knight
 10313 | Orc:1    | Killed an orc knight
 10383 | Orc:2    | Entered Level 2 of the Orcish Mines
 10383 | Orc:2    | Noticed Sonja
 10398 | Orc:1    | Killed Sonja
 10695 | Orc:2    | Noticed an orc warlord
 10714 | Orc:2    | Killed an orc warlord
 10719 | Orc:2    | Reached skill level 14 in Unarmed Combat
 10737 | Orc:2    | Reached skill level 5 in Shields
 11047 | Orc:2    | Noticed an orc knight
 11059 | Orc:2    | Killed an orc knight
 11241 | Orc:2    | Noticed an orc sorcerer
 11248 | Orc:2    | Noticed an orc knight
 11249 | Orc:2    | Killed an orc sorcerer
 11251 | Orc:2    | Noticed an orc high priest
 11252 | Orc:2    | Noticed an orc high priest
 11366 | Orc:2    | Found a staircase to the Elven Halls.
 11480 | D:10     | Entered Level 10 of the Dungeon
 11526 | D:10     | Found George's Dragon-Slaying Spoils.
 11589 | D:10     | Noticed a seven-headed hydra
 12117 | D:10     | Noticed Maggie
 12132 | D:10     | Slain by Maggie

Illustrated notes

Levels and vault maps discovered:
D:1:      erik_arrival_triangle_small, layout_basic,
          shapermc_ecumenical_altar_ellora
D:2:      layout_basic, amcnicky_mini_pool_small, uniq_terence,
          uniq_crazy_yiuf_cottage
D:3:      cheibrodos_pilgrimage, layout_basic, mainiacjoe_overflow_catwalk,
          serial_shops, shop, gammafunk_ghost_cemetery, kennysheep_crisscross,
          nicolae_concentric_dashed_squares_wild
D:4:      layout_loops_ring, serial_shops, nicolae_shop_waterfront,
          chequers_mini_garden, uniq_grinder, uniq_blork_the_orc
D:5:      layout_basic, nicolae_overflow_crystal_walls, marbit_many_paths,
          minmay_misc_feat_ornament, chequers_serial_rivers_micro_a, uniq_ijyb
D:6:      layout_rooms, kennysheep_vampire_church,
          minmay_temple_entry_sparse_star, minmay_alternating_orb,
          uniq_eustachio, uniq_prince_ribbit1
D:7:      layout_loops_ring, mainiacjoe_overflow_chevrons, trog_ov_bears_minmay,
          mainiacjoe_overflow_boulevard
D:8:      layout_rooms, mainiacjoe_overflow_alcove_1, kennysheep_slug_shrine,
          uniq_erica
D:9:      layout_basic, mainiacjoe_overflow_six_doors_small,
          kennysheep_mini_moat, lair_entry_dummy, david_orc_2,
          gammafunk_ghost_grave
D:10:     kennysheep_spiral_hall, layout_rooms, okawaru_trees_1,
          nicolae_ru_the_path_less_chosen, nicolae_shop_dragon_depot,
          uniq_maggie
Temple:   kb_temple_of_zot
Orc:1:    lemuel_ogre_cave, layout_caves, serial_shops, nicolae_shop_stone
Orc:2:    grunt_orc_tribal_feast, layout_caves, uniq_sonja

Skill      XL: |  1  2  3  4  5  6  7  8  9 10 11 |
---------------+----------------------------------+-----
Throwing       | 2 3 4 5 6 7 |  7.2
Unarmed Combat | 4 5 6 8 9 11 13 14 | 14.5
Dodging        | 3 4 5 6 |  6.0
Fighting       | 2 3 |  3.3
Stealth        | 1 |  1.8
Shields        | 2 4 5 |  5.4
Maces & Flails | |  0.2

Action                   |  1- 3 |  4- 6 |  7- 9 | 10-12 || total
-------------------------+-------+-------+-------+-------++-------
Melee: Unarmed           |    75 |   167 |   232 |   524 ||   998
       Punch             |     2 |     2 |     5 |       ||     9
       Flail             |       |       |       |    20 ||    20
Throw: Large rock        |     3 |     4 |     3 |       ||    10
       Dart              |       |     2 |    17 |    11 ||    30
       Stone             |       |     1 |     4 |       ||     5
       Javelin           |       |     1 |     5 |     3 ||     9
       Boomerang         |       |       |       |     3 ||     3
       Throwing net      |       |       |       |     1 ||     1
Evoke: Wand              |       |       |     1 |     2 ||     3
  Use: Scroll            |     3 |     4 |     7 |    12 ||    26
       Potion            |       |       |     3 |     7 ||    10
 Stab: Distracted        |       |       |       |     3 ||     3
       Sleeping          |       |       |       |     1 ||     1
Armor: Robe              |    12 |    46 |    54 |   112 ||   224
Dodge: Dodged            |    31 |    75 |    64 |   146 ||   316
Block: Tower shield      |       |       |    99 |   457 ||   556
